 Dungeon Crawl Stone Soup version 0.31-a0-441-g867994ef1c (webtiles) character file.

Game seed: 8295320696612283082

1081 HallandMoats the Agnostic (level 8, -2/94 HPs)
             Began as a Demonspawn Fighter on Aug 3, 2023.
             Succumbed to an orc wizard's poison
             ... on level 5 of the Dungeon.
             The game lasted 00:13:24 (4762 turns).

HallandMoats the Agnostic (Demonspawn Fighter)      Turns: 4762, Time: 00:13:24

Health: -2/94      AC: 31    Str: 22    XL:     8   Next: 8%
Magic:  14/14      EV:  2    Int: 13    God:
Gold:   257        SH:  5    Dex: 18    Spells: 7/7 levels left

rFire   . . .        b - +0 mace (protect)
rCold   . . .        c - +0 buckler
rNeg    . . .        p - melded +0 scale mail
rPois   +            C - melded +2 helmet
rElec   .            (cloak unavailable)
rCorr   .            s - melded +0 pair of gloves
SInv    .            (boots currently unavailable)
Will    .....        f - amulet of the acrobat
Stlth   ++           h - +6 ring of strength
HPRegen 0.35/turn    y - +6 ring of dexterity
MPRegen 0.14/turn

%: acrobat
@: lethally poisoned (-2 -> -31), tree-form, under a protective aura
A: stationary, stasis, torment immunity, boosted hp, (sturdy frame 1), (weakness
stinger 3)
a: no special abilities


You were on level 5 of the Dungeon.
You were a tree.
You visited 1 branch of the dungeon, and saw 5 of its levels.
You also visited: Sewer.

You collected 257 gold pieces.

Inventory:

Hand Weapons
 a - a +0 war axe
 b - a +0 mace of protection (weapon)
 A - a +3 dagger of venom
Armour
 c - a +0 buckler (worn)
 p - a +0 scale mail (melded)
 s - a +0 pair of gloves (melded)
 C - a +2 helmet (melded)
Jewellery
 f - an amulet of the acrobat (around neck)
 g - a ring of wizardry
 h - a +6 ring of strength (left branch)
 u - a ring of magical power
 y - a +6 ring of dexterity (right branch)
 B - a ring of positive energy
 E - a ring of fire
Wands
 r - a wand of iceblast (13)
 D - a wand of flame (27)
Scrolls
 d - 2 scrolls of fog {unknown}
 e - 2 scrolls of amnesia {unknown}
 i - 2 scrolls of fear {unknown}
 j - 2 scrolls of poison {unknown}
 k - 3 scrolls of revelation {unknown}
 l - 3 scrolls of vulnerability {unknown}
 m - a scroll of noise {unknown}
 o - 4 scrolls of identify {unknown}
 v - 2 scrolls of enchant weapon {unknown}
 w - a scroll of brand weapon {unknown}
 x - 2 scrolls of teleportation {unknown}
Potions
 n - a potion of curing {unknown}
 t - a potion of degeneration {unknown}
 z - a potion of heal wounds {unknown}


   Skills:
 + Level 5.5 Fighting
 + Level 4.5 Axes
 - Level 2.6 Armour
 - Level 2.6 Shields
 * Level 8.7 Invocations


You had 7 spell levels left.
You didn't know any spells.
Your spell library contained the following spells:

 Spells                   Type           Power      Damage    Failure   Level
 Ensorcelled Hibernation  Hex/Ice        0%         N/A       50%         2
 Passwall                 Tmut/Erth      0%         N/A       50%         2
 Swiftness                Air            0%         N/A       75%         3
 Iskenderun's Battlesphe  Conj           0%         2d6       100%        5
 Leda's Unmaking          Conj/Erth      0%         9d1       100%        6
 Spellforged Servitor     Conj/Summ      0%         N/A       100%        7


Dungeon Overview and Level Annotations

Branches:
Dungeon (5/15)              Sewer (visited)
 Temple: D:4-7

Altars:
Ru
Xom


Innate Abilities, Weirdness & Mutations

You are a tree.
Your roots penetrate the ground, keeping you stationary.
You cannot be teleported.
You are immune to unholy pain and torment.
Your maximum health is greatly increased.
Your equipment is partially melded.
((Your movements are slightly less encumbered by armour. (ER -2)))
((You have a sharp stinger which inflicts weakening toxins.))


Message History

You feel very sick. Something hits you.
You are more poisoned.
You thump the orc!
Your weapon exudes an aura of protection.
You kill the orc!
You feel very sick.
You barely miss the orc.
You feel very sick. The orc closely misses you.
You hit the orc but do no damage.
You feel sick. The orc hits you with a +0 club.
* * * LOW HITPOINT WARNING * * *
You thump the orc!
The orc is almost dead.
You feel sick. The orc hits you but does no damage.
You closely miss the orc. You tail-slap the orc.
You kill the orc!
You feel sick.
You hit something but do no damage.
You feel sick. Something hits you.
* * * LOW HITPOINT WARNING * * *
You are lethally poisoned!
You miss something.
Your tail-slap misses something.
* * * LOW HITPOINT WARNING * * *
You feel very sick. Something hits you but does no damage.
You are more poisoned.
You hit something. You tail-slap something.
* * * LOW HITPOINT WARNING * * *
You feel very sick. Something hits you but does no damage.
You are more poisoned.
Something hits you but does no damage.
You are more poisoned.
It was a potion of lignification.
You turn into a tree.
Your +2 helmet melds into your body.
Your +0 pair of gloves melds into your body.
Your +0 scale mail melds into your body.
Your roots penetrate the ground.
You die...

#################
##...............###
#..#'###.#####'#...# ..##.##
##.###.## .##...## ##...##..#
##.....##+##.....##'##
.##...##...##...##...##########
..##.##.....##.##.....##....#.#
...''#.......#o{♣......#+##.#.#
..##.##..:..##.##.....##.##...##
.##...##.o.##...##...##...##...#
##.....##'##.....##'##.....'...#
.##...##...##...##...##...##...#
..##.##.[...##.##.....##.##....#
...#''.....o.)'#.......#'#.....#
..##.##.....##.##.....##.####.##
.##...##...##...##...##...###.#


You could see an orc.

Vanquished Creatures
  Pargi (Sewer)
  2 ogres
  2 scorpions (D:5)
  4 crimson imps (D:3)
  2 orc priests (D:4)
  A sleepcap (D:5)
  A hound (D:4)
  Crazy Yiuf (D:3)
  5 iguanas
  Natasha (thrice) (D:3)
  Robin (D:3)
  3 gnolls (D:5)
  7 adders
  A shadow imp (D:5)
  A white imp (D:5)
  4 dart slugs
  13 orcs
  4 ball pythons
  11 endoplasms
  2 giant cockroaches
  10 goblins
  7 hobgoblins
  7 kobolds
  4 quokkas
  8 bats
  7 frilled lizards
  8 rats
120 creatures vanquished.

Notes
Turn   | Place    | Note
-------+----------+-------------------------------------------
     0 | D:1      | HallandMoats the Demonspawn Fighter began the quest for the
                  | Orb.
     0 | D:1      | Reached XP level 1. HP: 18/18 MP: 1/1
   119 | D:1      | Reached skill level 1 in Invocations
   216 | D:1      | Gained mutation: You have a small tail. [demonic ancestry]
   216 | D:1      | Reached XP level 2. HP: 24/24 MP: 1/3
   583 | D:1      | Reached skill level 2 in Invocations
   939 | D:2      | Gained mutation: You have a tail ending in a sharp stinger.
                  | [demonic ancestry]
   939 | D:2      | Reached XP level 3. HP: 25/29 MP: 4/4
  1018 | D:2      | Found a faded altar of an unknown god.
  1117 | D:2      | Reached skill level 3 in Invocations
  1439 | D:3      | Found a shimmering altar of Xom.
  1469 | D:3      | Gained mutation: You have a sharp stinger which inflicts
                  | weakening toxins. [demonic ancestry]
  1469 | D:3      | Reached XP level 4. HP: 15/36 MP: 6/6
  1474 | D:3      | Reached skill level 4 in Invocations
  1478 | D:3      | Gained mutation: Your movements are slightly less
                  | encumbered by armour. (ER -2) [demonic ancestry]
  1478 | D:3      | Reached XP level 5. HP: 21/42 MP: 6/8
  1561 | D:3      | Noticed Natasha
  1561 | D:3      | Noticed Robin
  1593 | D:3      | Killed Natasha
  1635 | D:3      | Killed Robin
  1636 | D:3      | Reached skill level 5 in Invocations
  1726 | D:3      | Noticed Natasha
  1736 | D:3      | Killed Natasha
  2033 | D:3      | Identified the +1 dagger of the Pariah {flame, +Blink rN+
                  | Str+2}
  2042 | D:3      | Reached XP level 6. HP: 47/48 MP: 10/10
  2097 | D:3      | Found a runed translucent door.
  2098 | D:3      | Noticed Crazy Yiuf
  2110 | D:3      | Noticed Natasha
  2122 | D:3      | Killed Natasha
  2261 | D:3      | Killed Crazy Yiuf
  2262 | D:3      | Reached skill level 6 in Invocations
  2877 | D:3      | Reached XP level 7. HP: 28/55 MP: 10/12
  3144 | D:4      | Reached skill level 7 in Invocations
  3151 | D:5      | Entered Level 5 of the Dungeon
  3287 | D:5      | Found a glowing drain.
  3339 | Sewer    | Entered a sewer
  3392 | Sewer    | Noticed Pargi
  3399 | Sewer    | Killed Pargi
  3400 | Sewer    | Reached skill level 5 in Fighting
  3872 | D:4      | Found a sacrificial altar of Ru.
  4092 | D:5      | Reached skill level 8 in Invocations
  4302 | D:5      | Reached XP level 8. HP: 52/63 MP: 14/14
  4761 | D:5      | HP: 2/63 [poisoned by an orc wizard]
  4762 | D:5      | Succumbed to an orc wizard's poison

Illustrated notes

Levels and vault maps discovered:
D:1:      arrival_zaba_pyramid, layout_loops_ring, dreamdust_mushroom_princess,
          kennysheep_boxes
D:2:      layout_basic, hellmonk_ecumenical_altar_blasted
D:3:      layout_rooms, led_xom_imps, minmay_lizard_king, uniq_natasha,
          uniq_robin, uniq_crazy_yiuf_cottage
D:4:      layout_gridville, lemuel_coloured_pillars_altar
D:5:      layout_basic, mainiacjoe_overflow_tiny_flanked,
          cheibrodos_sewer_entry_sluice, nicolae_hexahallways, st_stairs_6,
          uniq_ijyb

Skill      XL: |  1  2  3  4  5  6  7 |
---------------+----------------------+-----
Invocations    | 1 2 3 4 5 6 8 |  8.7
Axes           | 2 3 4 |  4.5
Fighting       | 4 5 |  5.5
Armour         | |  2.6
Shields        | |  2.6

Action                     |  1- 3 |  4- 6 |  7- 9 || total
---------------------------+-------+-------+-------++-------
  Melee: War axe           |    71 |       |       ||    71
         Tailslap          |     7 |    34 |    23 ||    64
         Mace              |    33 |   209 |   135 ||   377
         Dagger            |       |       |     7 ||     7
    Use: Potion            |       |       |     2 ||     2
 Armour: Scale mail        |    51 |   110 |    75 ||   236
  Dodge: Dodged            |    77 |   135 |    85 ||   297
  Block: Buckler           |    20 |    54 |    38 ||   112

Table legend: (Time is in decaauts)
 A = Elapsed time spent in this place.
 B = Non-inter-level travel time spent in this place.
 C = Inter-level travel time spent in this place.
 D = Time resting spent in this place.
 E = Time spent auto-exploring this place.
 F = Levels seen in this place.
 G = Mean time per level.
                   A        B        C        D        E       F      G
               +--------+--------+--------+--------+--------+-----+--------+
         Total |   4922 |   4838 |     84 |    689 |   2764 |   6 |  820.3 |
       Dungeon |   4720 |   4636 |     84 |    689 |   2609 |   5 |  944.0 |
         Sewer |    202 |    202 |      0 |      0 |    155 |   1 |  202.0 |
               +--------+--------+--------+--------+--------+-----+--------+

Top non-repeatable levels by time:
     D:3: 1456 daAuts
     D:5: 1258 daAuts
     D:1: 906 daAuts
     D:2: 628 daAuts
     D:4: 470 daAuts
   Sewer: 202 daAuts
